 Dungeon Crawl Stone Soup version 0.31-a0-632-g766dd24fdf (webtiles) character file.

Game seed: 4355550841068326292

965 ytrimaz the Ruffian (level 7, -3/48 HPs)
             Began as a Demonspawn Shapeshifter on Aug 25, 2023.
             Killed from afar by Dowan (15 damage)
             ... with a shard of ice
             ... on level 5 of the Dungeon.
             The game lasted 00:05:28 (4622 turns).

ytrimaz the Ruffian (Demonspawn Shapeshifter)       Turns: 4622, Time: 00:05:29

Health: -3/48      AC:  3    Str: 21      XL:     7   Next: 93%
Magic:  7/7        EV: 12    Int:  8 (9)  God:
Gold:   196        SH:  0    Dex: 19      Spells: 6/6 levels left

rFire   . .          .
                       - Unarmed
rCold   . . .        (no shield)
rNeg    . . .        p - +1 robe of a Million Underlurkers {Str+5}
rPois   .            (helmet currently unavailable)
rElec   .            (cloak currently unavailable)
rCorr   .            (gloves currently unavailable)
SInv    .            (boots currently unavailable)
Will    .....        (no amulet)
Stlth   ++++         (no ring)
HPRegen 0.28/turn    (no ring)
MPRegen 0.20/turn

%: no passive effects
@: beast-form
A: beast (slay +3), thin skeletal structure 2, magic regeneration
a: Begin Untransformation


You were on level 5 of the Dungeon.
You were a hulking beast.
You visited 1 branch of the dungeon, and saw 5 of its levels.

You collected 196 gold pieces.


Innate Abilities, Weirdness & Mutations

You are a hulking beast.
Your limbs bulge with bestial killing power. (Slay +3)
You have a moderately thin skeletal structure. (Dex +4, Stealth++)
You regenerate magic rapidly.


   Skills:
 - Level 1.0 Fighting
 - Level 1.7 Dodging
 + Level 6.5 Unarmed Combat
 + Level 6.0 Shapeshifting


You had 6 spell levels left.
You didn't know any spells.
Your spell library contained the following spells:

 Spells                   Type           Power      Damage    Failure   Level
 Magic Dart               Conj           0%         1d3       41%         1
 Blink                    Tloc           0%         N/A       54%         2
 Call Imp                 Summ           0%         N/A       54%         2
 Lesser Beckoning         Tloc           0%         N/A       54%         2
 Momentum Strike          Conj/Tloc      0%         3d8       54%         2
 Mephitic Cloud           Conj/Pois/Air  0%         N/A       78%         3

Inventory:

Armour
 a - a +0 animal skin
 p - the +1 robe of a Million Underlurkers (worn) {Str+5}
   (You found it on level 4 of the Dungeon)

   Str+5:     It affects your strength (+5).
Talismans
 c - a beast talisman (active)
 d - a flux talisman
Wands
 g - a wand of light (5) (quivered)
   (You found it on level 2 of the Dungeon)
 l - a wand of roots (6)
   (You found it on level 3 of the Dungeon)
 n - a wand of charming (16)
   (You found it on level 4 of the Dungeon)
Scrolls
 b - a scroll of enchant weapon {unknown}
 e - a scroll of vulnerability {unknown}
 f - 2 scrolls of fear
 h - 2 scrolls of amnesia {unknown}
 i - 5 scrolls of identify {unknown}
 j - a scroll of silence {unknown}
 k - 3 scrolls of revelation {unknown}
 m - a scroll of enchant armour {unknown}
Potions
 o - a potion of lignification
 q - a potion of curing {unknown}
 r - a potion of resistance {unknown}
 s - a potion of heal wounds {unknown}
 t - a potion of enlightenment {unknown}

Dungeon Overview and Level Annotations

Branches:
Dungeon (5/15) Zot: 25395
 Temple: D:4-7

Altars:
Gozag
Kikubaaqudgha
Makhleb
Sif Muna

Annotations:
D:4 2 transporters
D:5 Dowan

....#.#######
#.####!##.......#
#.............#.#
#..###.######.#.#
#.# #.#.# #.#
#.#'####### #.
#)# #....[.....
##..###e#
#..........
.......h#
#..........
###.....#
#..........
#.....#
#(#+#######
#.###.# #.# #.
#.# #.# # #.# #.#
#.# #.# #..
#.######### ###
#..........


You could see Dowan (fast).


Message History

Unknown command. 😕 HP[+31]
You regained 31 hp, and now have 37/48 hp.
Found a stone staircase leading up. 😎 HP[+11]
Your hp is fully restored (48).
Things that are here:
2 stones; an iguana corpse
There is a stone staircase leading up here.
You open the door.
You now have 196 gold pieces (gained 16).
You open the door.
Key pressed, stopping explore.
You see here 2 stones.
n - a wand of charming (16) (gained 10 charges)
You open the door.
A jelly comes into view.
A jelly is nearby!
A jelly is nearby!
A jelly is nearby!
You are a hulking beast.
Your movement speed is average.
Your attack delay is about 0.8.
Your damage rating with unarmed combat is about 14 (Base [3 + 6 (UC)] x 127% (Str) x 101% (Fight) + 3 (Slay)).
Your base attributes are Str 16, Int 9, Dex 19.
There is an open door here.
The helpless jelly fails to defend itself.
You punch the jelly!
Your hands burn!
The jelly hits you.
You are splashed with acid! 😕 HP[-10]
You take 10 damage, and now have 38/48 hp.
MASSIVE DAMAGE!! (PAUSE)
You hit the jelly.
Your hands burn!
The jelly closely misses you. 😮 HP[-2]
You take 2 damage, and now have 36/48 hp.
Unknown command.
You completely miss the jelly. The jelly hits you but does no damage.
You hit the jelly.
You kill the jelly! 😕 HP[+1] Key pressed, stopping explore.
Unknown command. 😎 HP[+11]
Your hp is fully restored (48).
Duvessa, Sister of Dowan comes into view.
She is wielding a +1 rapier of electrocution.
Dowan, Brother of Duvessa comes into view.
He is wielding a +0 dagger.
Dowan shouts!
Duvessa shouts!
Duvessa hits you with a +1 rapier of electrocution.
Dowan gestures wildly while chanting.
Dowan blinks! 😕 HP[-4]
You take 4 damage, and now have 44/48 hp.
You hit Duvessa. You punch Duvessa!
Unknown command.
Aiming: Bolt of Light
Press: ? - help, Q - select action, (/) - cycle Shift-Dir - straight line The bolt of light hits Duvessa!
Duvessa is blinded.
Duvessa hits you with a +1 rapier of electrocution! 😕 HP[-7]
You take 7 damage, and now have 37/48 hp.
Unknown command.
You hit Duvessa but do no damage. Duvessa closely misses you. 😕 HP[+1]
You hit Duvessa. You punch Duvessa.
Unknown command.
You hit Duvessa.
You kill Duvessa!
Dowan screams, "No!
Oh no!"
Dowan seems to find hidden reserves of power!
You feel your intelligence returning.
Your Shapeshifting skill increases to level 6!
Things that are here:
a +1 rapier of electrocution; a +0 ring mail Dowan hits you with a +0 dagger. 😮 HP[-2]
You take 2 damage, and now have 36/48 hp.
Unknown command.
You hit Dowan. Dowan barely misses you. Dowan hits you but does no damage.
You closely miss Dowan.
Dowan mumbles some strange words.
Dowan blinks!
Unknown command. 😕 HP[+1] Dowan says, "Magic will overcome all!"
Dowan gestures at you while chanting. The shard of ice hits you!!
* * * LOW HITPOINT WARNING * * *
😨 HP[-21]
You take 21 damage, and now have 16/48 hp.
MASSIVE DAMAGE!! (PAUSE) Dowan hits you with a +0 dagger.
* * * LOW HITPOINT WARNING * * *
😱 HP[-4]
You take 4 damage, and now have 12/48 hp.
Unknown command.
You hit Dowan. Dowan gestures at you while chanting.
The stone arrow misses you. Dowan casts a spell at you.
The shard of ice hits you!
You die...

Skill      XL: |  1  2  3  4  5  6  7 |
---------------+----------------------+-----
Unarmed Combat | 3 4 5 6 |  6.5
Shapeshifting  | 3 4 5 6 |  6.0
Fighting       | |  1.0
Dodging        | |  1.7

Action                     |  1- 3 |  4- 6 |  7- 9 || total
---------------------------+-------+-------+-------++-------
  Melee: Unarmed           |   126 |   112 |    38 ||   276
         Punch             |     3 |     4 |     3 ||    10
  Evoke: Wand              |       |       |     4 ||     4
    Use: Scroll            |     2 |       |       ||     2
         Potion            |     1 |     2 |       ||     3
   Stab: Sleeping          |     4 |     5 |     1 ||    10
         Invisible         |       |       |     3 ||     3
 Armour: Animal skin       |    15 |    15 |       ||    30
         Skin              |     2 |    11 |       ||    13
         Robe              |       |     2 |     3 ||     5
  Dodge: Dodged            |    63 |    57 |    24 ||   144

Levels and vault maps discovered:
D:1:      wander_arrival_fairy_ring, layout_rooms, serial_rivers,
          chequers_serial_rivers_marsh, chequers_serial_rivers_micro_e,
          chequers_serial_rivers_room_a, chequers_serial_rivers_small_3,
          chequers_serial_rivers_micro_d, chequers_serial_rivers_micro_d,
          hellmonk_ecumenical_altar_watching_god
D:2:      layout_loops_corners, nrook_loot_triangle, uniq_sigmund
D:3:      minmay_recursive_quarters, layout_basic,
          mainiacjoe_overflow_small_starburst
D:4:      layout_cave_pools, mainiacjoe_overflow_cross_hatched,
          gammafunk_temple_overflow_arena, uniq_edmund
D:5:      layout_basic, uniq_prince_ribbit1, uniq_duvessa

Notes
Turn   | Place    | Note
-------+----------+-------------------------------------------
     0 | D:1      | ytrimaz the Demonspawn Shapeshifter began the quest for the
                  | Orb.
     0 | D:1      | Reached XP level 1. HP: 15/15 MP: 1/1
     0 | D:1      | magus.rc [v1.9.6]
    41 | D:1      | Noticed a floating eye
    48 | D:1      | You pick up a book of Spatial Translocations and begin
                  | reading...
    48 | D:1      | You add the spells Blink, Momentum Strike and Lesser
                  | Beckoning to your library.
    51 | D:1      | Found a faded altar of an unknown god.
    54 | D:1      | Noticed a golden eye
    54 | D:1      | Noticed a golden eye
    54 | D:1      | Noticed a shining eye
   186 | D:1      | Reached skill level 3 in Unarmed Combat
   217 | D:1      | Gained mutation: You have a somewhat thin skeletal
                  | structure. (Dex +2, Stealth+) [demonic ancestry]
   217 | D:1      | Reached XP level 2. HP: 10/21 MP: 2/2
   287 | D:1      | Reached skill level 3 in Shapeshifting
   951 | D:2      | You pick up a book of Minor Magic and begin reading...
   951 | D:2      | You add the spells Magic Dart, Call Imp and Mephitic Cloud
                  | to your library.
  1035 | D:2      | HP: 4/21 [worm (9)]
  1043 | D:2      | Reached XP level 3. HP: 7/26 MP: 3/3
  1454 | D:2      | magus.rc [v1.9.6]
  1602 | D:2      | Noticed Sigmund
  1624 | D:2      | Killed Sigmund
  1625 | D:2      | Reached skill level 4 in Unarmed Combat
  1625 | D:2      | Reached skill level 4 in Shapeshifting
  1625 | D:2      | Gained mutation: You have a moderately thin skeletal
                  | structure. (Dex +4, Stealth++) [demonic ancestry]
  1625 | D:2      | Reached XP level 4. HP: 32/32 MP: 4/4
  1625 | D:2      | Reached XP level 5. HP: 37/37 MP: 5/5
  1932 | D:3      | Found an opulent altar of Gozag.
  2342 | D:3      | Gained mutation: You regenerate magic rapidly. [demonic
                  | ancestry]
  2342 | D:3      | Reached XP level 6. HP: 34/43 MP: 6/6
  3214 | D:4      | Noticed Edmund
  3339 | D:4      | HP: 15/64 [Edmund/+1 flail of protection (6)]
  3344 | D:4      | Killed Edmund
  3345 | D:4      | Reached skill level 5 in Unarmed Combat
  3353 | D:4      | Reached skill level 5 in Shapeshifting
  3770 | D:4      | Found a burning altar of Makhleb.
  3813 | D:4      | Identified the +1 robe of a Million Underlurkers {Str+5}
  3968 | D:4      | Found a transporter.
  3968 | D:4      | Noticed an acid dragon
  3972 | D:4      | Found a transporter.
  3983 | D:4      | Found an ancient bone altar of Kikubaaqudgha.
  3984 | D:4      | Found a shimmering blue altar of Sif Muna.
  4065 | D:5      | Entered Level 5 of the Dungeon
  4083 | D:5      | Reached XP level 7. HP: 33/48 MP: 7/7
  4103 | D:5      | HP: 12/48 [gnoll/+0 club[a gnoll bouda] (3)]
  4345 | D:5      | Noticed Prince Ribbit
  4356 | D:5      | HP: 5/48 [Prince Ribbit (8)]
  4357 | D:5      | Killed Prince Ribbit
  4358 | D:5      | Reached skill level 6 in Unarmed Combat
  4606 | D:5      | Noticed Duvessa
  4607 | D:5      | Noticed Dowan
  4614 | D:5      | Killed Duvessa
  4615 | D:5      | Reached skill level 6 in Shapeshifting
  4621 | D:5      | HP: 12/48 [Dowan/+0 dagger (4)]
  4622 | D:5      | Killed from afar by Dowan

Vanquished Creatures
  Prince Ribbit (D:5)
  Sigmund (D:2)
  Edmund (D:4)
  Duvessa (D:5)
  3 hounds
  A jelly (D:5)
  3 iguanas
  A gnoll bouda (D:5)
  5 adders
  4 gnolls (D:5)
  3 worms
  3 dart slugs
  5 orcs
  5 ball pythons
  6 endoplasms
  A giant cockroach (D:1)
  6 goblins
  11 hobgoblins
  4 jackals (D:3)
  5 kobolds
  3 quokkas (D:4)
  5 bats
  A frilled lizard (D:1)
  4 rats
83 creatures vanquished.

Table legend:
 A = Non-vault XP
 B = Vault XP
 C = Vault XP percentage of total XP
 D = Non-vault monster count
 E = Vault monster count
 F = Vault count percentage of total count
                 A         B        C        D         E       F
            +---------+---------+-------+---------+---------+-------
      Total |     526 |     853 |  61.9 |      68 |      15 |  18.1
            +---------+---------+-------+---------+---------+-------
        D:1 |      31 |       0 |   0.0 |      18 |       0 |   0.0
        D:2 |      44 |     226 |  83.7 |      12 |       1 |   7.7
        D:3 |      59 |      42 |  41.6 |      12 |      11 |  47.8
        D:4 |     136 |     176 |  56.4 |      17 |       1 |   5.6
        D:5 |     256 |     409 |  61.5 |       9 |       2 |  18.2
            +---------+---------+-------+---------+---------+-------

Skill      XL: |  1  2  3  4  5  6  7 |
---------------+----------------------+-----
Unarmed Combat | 3 4 5 6 |  6.5
Shapeshifting  | 3 4 5 6 |  6.0
Fighting       | |  1.0
Dodging        | |  1.7

Action                     |  1- 3 |  4- 6 |  7- 9 || total
---------------------------+-------+-------+-------++-------
  Melee: Unarmed           |   126 |   112 |    38 ||   276
         Punch             |     3 |     4 |     3 ||    10
  Evoke: Wand              |       |       |     4 ||     4
    Use: Scroll            |     2 |       |       ||     2
         Potion            |     1 |     2 |       ||     3
   Stab: Sleeping          |     4 |     5 |     1 ||    10
         Invisible         |       |       |     3 ||     3
 Armour: Animal skin       |    15 |    15 |       ||    30
         Skin              |     2 |    11 |       ||    13
         Robe              |       |     2 |     3 ||     5
  Dodge: Dodged            |    63 |    57 |    24 ||   144

Illustrated notes

Table legend:
 A = Kills in this place as a percentage of kills in the entire game.
 B = Kills by you in this place as a percentage of kills by you in the entire game.
 C = Kills by friends in this place as a percentage of kills by friends in the entire game.
 D = Other kills in this place as a percentage of other kills in the entire game.
 E = Experience gained in this place as a percentage of experience gained in the entire game.
 F = Experience gained in this place divided by the number of levels of this place that you have seen.
                   A       B       C       D       E      F
               +-------+-------+-------+-------+-------+----------------------
         Total | 100.0 | 100.0 |   N/A |   N/A | 100.0 | 275.8
       Dungeon | 100.0 | 100.0 |   N/A |   N/A | 100.0 | 275.8
               +-------+-------+-------+-------+-------+----------------------

Table legend: (Time is in decaauts)
 A = Elapsed time spent in this place.
 B = Non-inter-level travel time spent in this place.
 C = Inter-level travel time spent in this place.
 D = Time resting spent in this place.
 E = Time spent auto-exploring this place.
 F = Levels seen in this place.
 G = Mean time per level.
                   A        B        C        D        E       F      G
               +--------+--------+--------+--------+--------+-----+--------+
         Total |   4604 |   4539 |     65 |    105 |   3758 |   5 |  920.8 |
       Dungeon |   4604 |   4539 |     65 |    105 |   3758 |   5 |  920.8 |
               +--------+--------+--------+--------+--------+-----+--------+

Top non-repeatable levels by time:
     D:3: 1340 daAuts
     D:2: 1043 daAuts
     D:4: 853 daAuts
     D:1: 815 daAuts
     D:5: 551 daAuts
